AoeStats
← certaingoosetragedy

Four Lakes

508522778Analyzed
1v1 RM · 11d ago on Sep 22, 2026· 28m 54s· 2 players
Game mode
Random Map
Map size
Tiny (2 player)
Population
200
Speed
Normal
Resources
Standard
Victory
Conquest
Starting age
Dark Age
Ending age
Imperial Age
RankedLock teamsTeams togetherTeam positionsShared explorationLock speedFull tech treeHidden civsTurbo modeCheats
Victory
Defeat
🇺🇸 Persians · United States
832
+14
🇺🇸 Franks · United States
779
-36
certaingoosetragedy
10:14 Feudal Age
15:09 Wheelbarrow
15:29 Wheelbarrow
19:37 Castle Age
25:48 Forging
28:06 Scale Barding Armor
28:37 Iron Casting
tk421
2:49 Loom
15:36 Feudal Age
16:19 Fishing Lines
21:46 Castle Age
20:23 Wheelbarrow
19:34 Town Watch
19:41 Double-Bit Axe
19:38 Horse Collar
19:51 Gold Mining
22:04 Scale Barding Armor
22:10 Forging
22:44 Gillnets
23:38 Chain Barding Armor
24:03 Bloodlines
24:07 Husbandry
25:43 Hand Cart
26:21 Iron Casting
29:02 Town Patrol
Connection lost

Rejoining the realm…

Still unreachable

The connection could not be restored.

Session expired

The server has moved on; the page needs a fresh start.